HSSL
OTSEGO HS BULLDOGS @ COWETA HS TIGERS
04/21/2024
 
TOP OF THE 1ST
Otsego HS Bulldogs batting - Pitching for Coweta HS Tigers : RHP Jesús Medina
Pitching: RHP Jesús Medina
Batting: RHB Carl O'Dell 0-0: Called Strike
0-1: Ball
1-1: Called Strike
1-2: Ball
2-2: Foul Ball, location: 2F
2-2: Ball
3-2: Foul Ball, location: 2F
3-2: Base on Balls
Batting: RHB Jody Stewart 0-0: Ball
1-0: Foul Ball, location: 2F
1-1: Called Strike
1-2: Ball
Carl O'Dell steals 2nd base
2-2: Foul Ball, location: 2F
2-2: SINGLE (Popup, 3L)
Carl O'Dell to third
Runner from 3rd tries for Home, throw and OUT!
Jody Stewart to second
Batting: LHB Tom Hall 0-0: Ball
1-0: Reached on error, E6 (Groundball, 6M)
Jody Stewart to third
Batting: RHB Dave Marshall 0-0: Ball
1-0: Reached on error, E2 (Groundball, 2R)
Jody Stewart scores
Tom Hall to second
Batting: LHB Carl Hayden 0-0: Ball
1-0: Ball
2-0: Ball
3-0: Called Strike
3-1: Foul Ball, location: 2F
3-2: Foul Ball, location: 2F
3-2: Base on Balls
Tom Hall to third
Dave Marshall to second
Batting: RHB Vaughan Tillman 0-0: Swinging Strike
0-1: Swinging Strike
0-2: Ball
1-2: Ball
2-2: Foul Ball, location: 2F
2-2: Ball
3-2: Base on Balls
Tom Hall scores
Dave Marshall to third
Carl Hayden to second
Batting: RHB J.T. Paull 0-0: Ball
1-0: Ball
2-0: Foul Ball, location: 2F
2-1: Ball
3-1: Foul Ball, location: 2F
3-2: Foul Ball, location: 2F
3-2: Strikes out swinging
Batting: RHB Daniel Dillard 0-0: Ball
1-0: Called Strike
1-1: Foul Ball, location: 2F
1-2: Ball
2-2: Ball
3-2: Base on Balls
Dave Marshall scores
Carl Hayden to third
Vaughan Tillman to second
Batting: RHB Jorge López 0-0: Called Strike
0-1: Called Strike
0-2: Strikes out swinging passed ball, reaches first!
Carl Hayden scores
Vaughan Tillman to third
Daniel Dillard to second
Batting: RHB Carl O'Dell 0-0: Called Strike
0-1: Swinging Strike
0-2: Ball
1-2: Foul Ball, location: 2F
1-2: Strikes out swinging
Top of the 1st over - 4 run(s), 1 hit(s), 2 error(s), 3 left on base; Otsego HS 4 - Coweta HS 0
BOTTOM OF THE 1ST
Coweta HS Tigers batting - Pitching for Otsego HS Bulldogs : RHP Errol Murphy
Pitching: RHP Errol Murphy
Batting: RHB Ramiro Javier 0-0: Reached on error, E6 (Groundball, 6)
Batting: RHB Brian Andrews 0-0: Called Strike
0-1: Swinging Strike
0-2: SINGLE (Groundball, 4)
Ramiro Javier to second
Ramiro Javier to third
Batting: RHB Héctor Vázquez 0-0: Ground out 4-3 (Groundball, 4M)
Ramiro Javier scores
Brian Andrews to second
Batting: RHB Ben Johnson 0-0: Ball
1-0: Foul Ball, location: 2F
1-1: Ground out 6-3 (Groundball, 6M)
Brian Andrews to third
Batting: RHB Phil Shaw 0-0: Swinging Strike
0-1: Called Strike
0-2: Ball
1-2: Ball
2-2: Foul Ball, location: 2F
2-2: Strikes out swinging
Bottom of the 1st over - 1 run(s), 1 hit(s), 1 error(s), 1 left on base; Otsego HS 4 - Coweta HS 1
TOP OF THE 2ND
Otsego HS Bulldogs batting - Pitching for Coweta HS Tigers : RHP Jesús Medina
Batting: RHB Jody Stewart 0-0: Ball
1-0: Ground out 5-3 (Groundball, 56)
Batting: LHB Tom Hall 0-0: Swinging Strike
0-1: Ball
1-1: Ball
2-1: Ball
3-1: Foul Ball, location: 2F
3-2: SINGLE (Groundball, 34D) (infield hit)
Batting: RHB Dave Marshall 0-0: Ball
1-0: Called Strike
1-1: Called Strike
1-2: Foul Ball, location: 2F
1-2: Grounds into double play, 4-6-3 (Groundball, 4)
Top of the 2nd over - 0 run(s), 1 hit(s), 0 error(s), 0 left on base; Otsego HS 4 - Coweta HS 1
BOTTOM OF THE 2ND
Coweta HS Tigers batting - Pitching for Otsego HS Bulldogs : RHP Errol Murphy
Batting: RHB Joe LaFontaine 0-0: DOUBLE (Line Drive, 6)
Batting: RHB Luis Brito 0-0: Called Strike
0-1: Foul Ball, location: 2F
0-2: Ball
1-2: Strikes out swinging
Batting: RHB Jon Waller 0-0: Ball
1-0: Called Strike
1-1: Ball
Reached via error on a dropped throw, E1
Joe LaFontaine to third
Batting: SHB Jessie Teague 0-0: Ball
1-0: Called Strike
1-1: Ball
2-1: Ball
3-1: Called Strike
3-2: Strikes out swinging
Throwing error on steal attempt, E2
Joe LaFontaine scores
Jon Waller to third
Batting: RHB Ramiro Javier 0-0: Ball
1-0: Ground out 4-3 (Groundball, 34)
Bottom of the 2nd over - 1 run(s), 1 hit(s), 2 error(s), 1 left on base; Otsego HS 4 - Coweta HS 2
TOP OF THE 3RD
Otsego HS Bulldogs batting - Pitching for Coweta HS Tigers : RHP Jesús Medina
Batting: LHB Carl Hayden 0-0: SINGLE (Line Drive, 4)
Batting: RHB Vaughan Tillman 0-0: Swinging Strike
0-1: Foul Ball, location: 2F
0-2: Strikes out swinging
Batting: RHB J.T. Paull 0-0: Foul Ball, location: 2F
0-1: Foul Ball, location: 2F
0-2: Ball
1-2: Ball
2-2: Ball
Wild Pitch!
Carl Hayden to second
3-2: Base on Balls
Batting: RHB Daniel Dillard 0-0: Foul Ball, location: 2F
0-1: Ball
1-1: Ball
2-1: Ball
3-1: Base on Balls
Carl Hayden to third
J.T. Paull to second
Pitching: LHP Manuel Velasco
Batting: RHB Jorge López 0-0: Ball
1-0: Called Strike
1-1: Fly out, F7 (Flyball, 7LD)
Runner from 3rd tags up, SCORES, no throw
J.T. Paull to third
Batting: RHB Carl O'Dell 0-0: Called Strike
Daniel Dillard steals 2nd base
0-1: Ball
1-1: SINGLE (Groundball, 56D)
J.T. Paull scores
Daniel Dillard to third
Runner from 3rd tries for Home, SAFE, no throw or cutoff
Batting: RHB Jody Stewart 0-0: Foul Ball, location: 2F
0-1: Ball
1-1: Ball
2-1: Ground out 5-3 (Groundball, 5L)
Top of the 3rd over - 3 run(s), 2 hit(s), 0 error(s), 1 left on base; Otsego HS 7 - Coweta HS 2
BOTTOM OF THE 3RD
Coweta HS Tigers batting - Pitching for Otsego HS Bulldogs : RHP Errol Murphy
Batting: RHB Brian Andrews 0-0: Ball
1-0: Called Strike
1-1: Ground out 4-3 (Groundball, 4)
Batting: RHB Héctor Vázquez 0-0: Called Strike
0-1: Ball
1-1: Ball
2-1: Ball
3-1: Ground out 6-3 (Groundball, 6)
Batting: RHB Ben Johnson 0-0: SINGLE (Groundball, 6)
Batting: RHB Phil Shaw 0-0: Called Strike
0-1: Ball
1-1: Ball
2-1: SINGLE (Flyball, 9S)
Ben Johnson to second
Runner from 2nd tries for 3rd, SAFE, throw made to third
Batting: RHB Joe LaFontaine 0-0: Called Strike
0-1: Ball
1-1: Ball
2-1: Foul Ball, location: 2F
2-2: Strikes out swinging
Bottom of the 3rd over - 0 run(s), 2 hit(s), 0 error(s), 2 left on base; Otsego HS 7 - Coweta HS 2
TOP OF THE 4TH
Otsego HS Bulldogs batting - Pitching for Coweta HS Tigers : LHP Manuel Velasco
Batting: LHB Tom Hall 0-0: SINGLE (Groundball, 34D) (infield hit)
Batting: RHB Dave Marshall 0-0: Called Strike
0-1: Called Strike
0-2: Ball
1-2: Ball
2-2: Ball
3-2: Base on Balls
Tom Hall to second
Batting: LHB Carl Hayden 0-0: Foul Ball, location: 2F
0-1: Reached on error, E5 (Groundball, 56)
Tom Hall to third
Dave Marshall to second
Batting: RHB Vaughan Tillman 0-0: Ball
1-0: Swinging Strike
1-1: Grounds into double play, 6-4-3 (Groundball, 6M)
Tom Hall scores
Dave Marshall to third
Batting: RHB J.T. Paull 0-0: Ball
1-0: Ball
2-0: Ball
3-0: Base on Balls
Batting: RHB Daniel Dillard 0-0: Ball
1-0: Fly out, F6 (Popup, 6D)
Top of the 4th over - 1 run(s), 1 hit(s), 1 error(s), 2 left on base; Otsego HS 8 - Coweta HS 2
BOTTOM OF THE 4TH
Coweta HS Tigers batting - Pitching for Otsego HS Bulldogs : RHP Errol Murphy
Batting: RHB Luis Brito 0-0: Foul Ball, location: 2F
0-1: Swinging Strike
0-2: Fly out, F3 (Popup, 3SF)
Batting: RHB Jon Waller 0-0: Ball
1-0: Ball
2-0: Ground out 5-3 (Groundball, 5S)
Batting: SHB Jessie Teague 0-0: Called Strike
0-1: Fly out, F8 (Popup, 6MD)
Bottom of the 4th over - 0 run(s), 0 hit(s), 0 error(s), 0 left on base; Otsego HS 8 - Coweta HS 2
TOP OF THE 5TH
Otsego HS Bulldogs batting - Pitching for Coweta HS Tigers : LHP Manuel Velasco
Batting: RHB Jorge López 0-0: Called Strike
0-1: Foul Ball, location: 2F
0-2: SINGLE (Line Drive, 89M)
Batting: RHB Carl O'Dell 0-0: Called Strike
0-1: Ball
1-1: Swinging Strike
1-2: DOUBLE (Flyball, 89M)
Jorge López to third
Batting: RHB Jody Stewart 0-0: Fly out, F8 (Flyball, 8LM)
Runner from 3rd tags up, SCORES, throw made
Batting: LHB Tom Hall 0-0: Called Strike
0-1: Ball
1-1: Ball
2-1: 2-RUN HOME RUN (Flyball, 89XD), Distance : 423 ft
Batting: RHB Dave Marshall 0-0: Ball
1-0: Called Strike
1-1: Fly out, F2 (Popup, 2R)
Batting: LHB Carl Hayden 0-0: Called Strike
0-1: Foul Ball, location: 2F
0-2: Ball
1-2: Strikes out swinging
Top of the 5th over - 3 run(s), 3 hit(s), 0 error(s), 0 left on base; Otsego HS 11 - Coweta HS 2
BOTTOM OF THE 5TH
Coweta HS Tigers batting - Pitching for Otsego HS Bulldogs : RHP Errol Murphy
Batting: RHB Ramiro Javier 0-0: Foul Ball, location: 2F
0-1: Fly out, F7 (Flyball, 7M)
Batting: RHB Brian Andrews 0-0: Called Strike
0-1: Ground out 4-3 (Groundball, 4)
Batting: RHB Héctor Vázquez 0-0: Called Strike
0-1: Ball
1-1: Ball
2-1: SINGLE (Line Drive, 4M)
Batting: RHB Ben Johnson 0-0: Ball
Héctor Vázquez is caught stealing 2nd base
Bottom of the 5th over - 0 run(s), 1 hit(s), 0 error(s), 0 left on base; Otsego HS 11 - Coweta HS 2
TOP OF THE 6TH
Otsego HS Bulldogs batting - Pitching for Coweta HS Tigers : LHP Manuel Velasco
Pitching: RHP Judd Anderson
Batting: RHB Vaughan Tillman 0-0: Ball
1-0: Ball
2-0: SINGLE (Line Drive, 89M)
Batting: RHB J.T. Paull 0-0: Fly out, F7 (Flyball, 7LM)
Batting: RHB Daniel Dillard 0-0: SINGLE (Groundball, 56D)
Vaughan Tillman to second
Batting: RHB Jorge López 0-0: Called Strike
0-1: Fly out, F7 (Line Drive, 78M)
Batting: RHB Carl O'Dell 0-0: Ball
1-0: Ball
2-0: Ball
3-0: Base on Balls
Vaughan Tillman to third
Daniel Dillard to second
Batting: RHB Jody Stewart 0-0: Ball
1-0: Ball
2-0: Swinging Strike
2-1: Called Strike
2-2: Ball
3-2: Base on Balls
Vaughan Tillman scores
Daniel Dillard to third
Carl O'Dell to second
Batting: LHB Tom Hall 0-0: Ball
1-0: Called Strike
1-1: Ball
2-1: Foul Ball, location: 2F
2-2: Ball
3-2: Foul Ball, location: 2F
3-2: Ground out 4-3 (Groundball, 4)
Top of the 6th over - 1 run(s), 2 hit(s), 0 error(s), 3 left on base; Otsego HS 12 - Coweta HS 2
BOTTOM OF THE 6TH
Coweta HS Tigers batting - Pitching for Otsego HS Bulldogs : RHP Errol Murphy
Batting: RHB Ben Johnson 0-0: Foul Ball, location: 2F
0-1: Fly out, F8 (Flyball, 8LXD)
Batting: RHB Phil Shaw 0-0: Called Strike
0-1: Foul Ball, location: 2F
0-2: Foul Ball, location: 2F
0-2: Foul Ball, location: 2F
0-2: Ball
1-2: Foul Ball, location: 2F
1-2: SOLO HOME RUN (Line Drive, 89XD), Distance : 436 ft
Batting: RHB Joe LaFontaine 0-0: Ball
1-0: Ball
2-0: Ball
3-0: Called Strike
3-1: Fly out, F8 (Flyball, 8LM)
Batting: RHB Luis Brito 0-0: Called Strike
0-1: Called Strike
0-2: Ball
1-2: Fly out, F9 (Flyball, 89M)
Bottom of the 6th over - 1 run(s), 1 hit(s), 0 error(s), 0 left on base; Otsego HS 12 - Coweta HS 3
TOP OF THE 7TH
Otsego HS Bulldogs batting - Pitching for Coweta HS Tigers : RHP Judd Anderson
Batting: RHB Dave Marshall 0-0: Called Strike
0-1: SINGLE (Groundball, 4M)
Batting: LHB Carl Hayden 0-0: Called Strike
0-1: 2-RUN HOME RUN (Flyball, 89XD), Distance : 423 ft
Batting: RHB Vaughan Tillman 0-0: Called Strike
0-1: Ball
1-1: Ball
2-1: Ball
3-1: Called Strike
3-2: Fly out, F9 (Line Drive, 9D)
Batting: RHB J.T. Paull 0-0: Ball
1-0: Ball
2-0: Foul Ball, location: 2F
2-1: Foul Ball, location: 2F
2-2: Ball
3-2: Ground out 6-3 (Groundball, 6M)
Batting: RHB Daniel Dillard 0-0: Called Strike
0-1: Called Strike
0-2: Fly out, F7 (Flyball, 7M)
Top of the 7th over - 2 run(s), 2 hit(s), 0 error(s), 0 left on base; Otsego HS 14 - Coweta HS 3
BOTTOM OF THE 7TH
Coweta HS Tigers batting - Pitching for Otsego HS Bulldogs : RHP Errol Murphy
Pitching: RHP Colm Day
Batting: RHB Jon Waller 0-0: Ball
1-0: Ball
2-0: Ball
3-0: Called Strike
3-1: Base on Balls
Batting: SHB Jessie Teague 0-0: Ball
1-0: Foul Ball, location: 2F
1-1: Ball
2-1: Swinging Strike
2-2: Strikes out swinging
Batting: RHB Ramiro Javier 0-0: Ball
1-0: Ball
2-0: Ball
3-0: Called Strike
3-1: Foul Ball, location: 2F
3-2: Foul Ball, location: 2F
3-2: Strikes out swinging
Batting: RHB Brian Andrews 0-0: Foul Ball, location: 2F
0-1: Ball
1-1: Foul Ball, location: 2F
1-2: Strikes out swinging
Bottom of the 7th over - 0 run(s), 0 hit(s), 0 error(s), 1 left on base; Otsego HS 14 - Coweta HS 3
TOP OF THE 8TH
Otsego HS Bulldogs batting - Pitching for Coweta HS Tigers : RHP Judd Anderson
Pitching: RHP Jack Dorsey
Batting: RHB Jorge López 0-0: Reached on error, E5 (Groundball, 56)
Batting: RHB Carl O'Dell 0-0: Called Strike
0-1: Ball
1-1: Called Strike
1-2: Strikes out swinging
Batting: RHB Jody Stewart 0-0: Ball
1-0: Ball
2-0: Swinging Strike
2-1: Ball
3-1: Fly out, F3 (Popup, 3DF)
Batting: LHB Tom Hall 0-0: Ball
1-0: Called Strike
1-1: Foul Ball, location: 2F
1-2: Foul Ball, location: 2F
1-2: Ball
2-2: Ball
3-2: Base on Balls
Batting: RHB Dave Marshall 0-0: Called Strike
0-1: Ball
1-1: Ball
2-1: Ball
3-1: Foul Ball, location: 2F
3-2: Base on Balls
Jorge López to third
Tom Hall to second
Batting: LHB Carl Hayden 0-0: Foul Ball, location: 2F
0-1: Foul Ball, location: 2F
0-2: Ball
1-2: Foul Ball, location: 2F
1-2: Ball
2-2: Fly out, F7 (Flyball, 78M)
Top of the 8th over - 0 run(s), 0 hit(s), 1 error(s), 3 left on base; Otsego HS 14 - Coweta HS 3
BOTTOM OF THE 8TH
Coweta HS Tigers batting - Pitching for Otsego HS Bulldogs : RHP Colm Day
Now in LF: José Serrano
Batting: RHB Héctor Vázquez 0-0: Foul Ball, location: 2F
0-1: Foul Ball, location: 2F
0-2: Ball
1-2: Ball
2-2: Foul Ball, location: 2F
2-2: Ground out 6-3 (Groundball, 6M)
Batting: RHB Ben Johnson 0-0: Ground out 1-3 (Groundball, 15)
Batting: RHB Phil Shaw 0-0: Ball
1-0: Ball
2-0: Ball
3-0: Base on Balls
Batting: RHB Joe LaFontaine 0-0: Ball
1-0: Fly out, F8 (Flyball, 89M)
Bottom of the 8th over - 0 run(s), 0 hit(s), 0 error(s), 1 left on base; Otsego HS 14 - Coweta HS 3
TOP OF THE 9TH
Otsego HS Bulldogs batting - Pitching for Coweta HS Tigers : RHP Jack Dorsey
Batting: RHB Vaughan Tillman 0-0: Ball
1-0: Called Strike
1-1: Ball
2-1: Ball
3-1: Base on Balls
Batting: RHB J.T. Paull 0-0: Bunt missed!
0-1: Sac Bunt - play at first, batter OUT! 5-4
Vaughan Tillman to second
Batting: RHB Daniel Dillard 0-0: Swinging Strike
0-1: Swinging Strike
0-2: Strikes out swinging
Batting: RHB Jorge López 0-0: Called Strike
0-1: Swinging Strike
0-2: Ball
1-2: Ball
2-2: Strikes out swinging
Top of the 9th over - 0 run(s), 0 hit(s), 0 error(s), 1 left on base; Otsego HS 14 - Coweta HS 3
BOTTOM OF THE 9TH
Coweta HS Tigers batting - Pitching for Otsego HS Bulldogs : RHP Colm Day
Batting: RHB Luis Brito 0-0: Called Strike
0-1: Foul Ball, location: 2F
0-2: Ball
Single, Error in OF, E7, batter to second base
Batting: RHB Jon Waller 0-0: Ball
1-0: Swinging Strike
1-1: Foul Ball, location: 2F
1-2: Ball
2-2: Reached on error, E5 (Groundball, 5S)
Luis Brito to third
Batting: SHB Jessie Teague 0-0: Called Strike
0-1: Ball
1-1: Ball
2-1: Ball
3-1: Base on Balls
Jon Waller to second
Batting: RHB Ramiro Javier 0-0: SINGLE (Line Drive, 9S)
Luis Brito scores
Jon Waller to third
Jessie Teague to second
Batting: RHB Brian Andrews 0-0: Grounds into double play, 1-2-3 (Groundball, 25)
Jessie Teague to third
Ramiro Javier to second
Batting: RHB Héctor Vázquez 0-0: Ball
1-0: Called Strike
1-1: Fly out, F3 (Popup, 23)
Bottom of the 9th over - 1 run(s), 2 hit(s), 2 error(s), 2 left on base; Otsego HS 14 - Coweta HS 4
This league is powered by Out of the Park Baseball, the baseball management simulation game for PC, Mac and Linux
Saturday, April 9th, 2016 - OOTP Baseball 16.8 Build 38